 Dungeon Crawl Stone Soup version 0.30.1-5-ged363bc7ee (webtiles) character file.

Game seed: 1207267374735947950

112 Cheops the Caller (level 4, -3/30 HPs)
             Began as a Merfolk Summoner on Sept 19, 2023.
             Killed from afar by Robin (14 damage)
             ... with a bolt of dispelling energy
             ... on level 3 of the Dungeon.
             The game lasted 00:11:39 (3750 turns).

Cheops the Caller (Merfolk Summoner)                Turns: 3750, Time: 00:11:40

Health: -3/30      AC:  3    Str:  8    XL:     4   Next: 95%
Magic:  15/17      EV: 13    Int: 16    God:
Gold:   210        SH:  0    Dex: 20    Spells: 0/9 levels left

rFire   . . .        o - +3 long sword
rCold   . . .        (no shield)
rNeg    . . .        a - +0 robe
rPois   .            (no helmet)
rElec   .            (no cloak)
rCorr   .            e - +0 pair of gloves
SInv    .            (no boots)
Will    .....        (no amulet)
Stlth   ++           f - +6 ring of dexterity
HPRegen 0.25/turn    l - ring of magical power
MPRegen 0.15/turn

%: no passive effects
@: no status effects
A: (nimble swimmer 2), mertail
a: no special abilities


You were on level 3 of the Dungeon.
You visited 1 branch of the dungeon, and saw 3 of its levels.

You collected 210 gold pieces.

Inventory:

Hand Weapons
 c - a +0 dagger
 o - a +3 long sword (weapon)
Armour
 a - a +0 robe (worn)
 e - a +0 pair of gloves (worn)
Jewellery
 f - a +6 ring of dexterity (left hand)
 l - a ring of magical power (right hand)
Scrolls
 g - a scroll of enchant armour {unknown}
 i - a scroll of blinking
 k - a scroll of teleportation
 m - a scroll of vulnerability
 p - a scroll of magic mapping {unknown}
 s - a scroll of identify
Potions
 b - a potion of magic
 d - a potion of attraction {unknown}
 h - 2 potions of flight {unknown}
 j - 2 potions of curing {unknown}
 n - 3 potions of brilliance {unknown}
 q - a potion of haste {unknown}
 r - a potion of might {unknown}


   Skills:
 - Level 2.6 Dodging
 - Level 2.1 Stealth
 - Level 3.0 Spellcasting
 + Level 5.5 Summonings


You couldn't memorise any spells.
You knew the following spells:

 Your Spells              Type           Power      Damage    Failure   Level
C - Call Canine Familiar  Summ           20%        N/A       6%          3
G - Summon Guardian Gole  Hex/Summ       11%        N/A       19%         3
I - Call Imp              Summ           40%        N/A       3%          2
M - Summon Small Mammal   Summ           80%        N/A       1%          1

Your spell library contained the following spells:

 Spells                   Type           Power      Damage    Failure   Level
 Sandblast                Erth           4%         2d4       19%         1
 Passwall                 Tmut/Erth      1%         N/A       28%         2
 Stone Arrow              Conj/Erth      4%         3d7       50%         3
 Summon Lightning Spire   Summ/Air       11%        N/A       52%         4


Dungeon Overview and Level Annotations

Branches:
Dungeon (3/15)

Altars:
Ashenzari
Kikubaaqudgha
Okawaru
Qazlal
Zin

Annotations:
D:3 Robin


Innate Abilities, Weirdness & Mutations

((You are very nimble when in or above water. (Stealth+, EV+, Speed+++)))
Your lower body shifts to a powerful aquatic tail in water.


Message History

The goblin hits your hound with a +0 club.
Your hound bites the goblin.
The goblin dies!
Your hound bites the goblin.
The goblin dies!
Your hound bites the goblin.
The goblin misses your hound.
Your hound closely misses the goblin.
The goblin closely misses your hound.
Your hound closely misses the goblin.
Your hound closely misses the goblin.
The goblin barely misses your hound.
Your hound barely misses the goblin.
The goblin barely misses your hound.
Your hound misses the goblin.
Your hound bites the goblin.
The goblin dies!
Your hound disappears in a puff of smoke!
Casting: Call Canine Familiar (dangerous; 6% risk of failure)
Confirm with . or Enter, or press ? or * to list all spells.
A goblin comes into view. It is wielding a +0 dagger.
The goblin hits you but does no damage.
Your hound closely misses the goblin.
You hit the goblin.
You kill the goblin!
Things that are here:
a +0 dagger; a +0 club You swap places.
Your hound bites Robin.
Things that are here:
a +0 dagger; a goblin corpse Robin zaps a wand.
The bolt of dispelling energy hits your hound.
The bolt of dispelling energy hits you!!
Ouch! That really hurt!
* * * LOW HITPOINT WARNING * * *
Your hound bites Robin.
You hear a shout!
You hear a shout!
Your hound bites Robin but does no damage.
Robin zaps a wand.
The bolt of dispelling energy hits your hound!!
Your hound dies!
Your hound's corpse disappears in a puff of smoke!
The bolt of dispelling energy hits you!
You die...

#.[.... #.#......<#.#.# #.
#...)g# #.#########.#.# #.
#...hg# #...........#.# #.
#.....# ##############.# #.
#.....# #............#.# #.
#....h####.##########.#.###.
#........#.#<..# #.#.#<..
#########h#.###.# #.#.####
..........#)@...# #.#.....
.........g§)##### #.######
............(## #.#
..............##### #.#
..................# #.#
#######......####.# #.#
#.....(# #[# #.# ####
#......# #.## #.# #...
#......# #..###.###.##


You could see Robin.

Vanquished Creatures
  An ufetubus (D:1)
  A worm (D:2)
  A dart slug (D:1)
  2 orcs (D:2)
  A bat (D:3)
  An endoplasm (D:1)
  3 goblins
  3 hobgoblins (D:1)
  3 kobolds
  A quokka (D:2)
  A frilled lizard (D:3)
  3 rats
21 creatures vanquished.

Vanquished Creatures (collateral kills)
  An orc priest (D:3)
  An adder (D:3)
  2 worms (D:3)
  2 dart slugs (D:1)
  An orc (D:3)
  5 ball pythons
  3 giant cockroaches (D:1)
  4 goblins
  A hobgoblin (D:1)
  5 kobolds
  A quokka (D:1)
  2 bats (D:1)
  A frilled lizard (D:1)
  A rat (D:2)
30 creatures vanquished.

Grand Total: 51 creatures vanquished

Notes
Turn   | Place    | Note
-------+----------+-------------------------------------------
     0 | D:1      | Cheops the Merfolk Summoner began the quest for the Orb.
     0 | D:1      | Reached XP level 1. HP: 13/13 MP: 3/3
   121 | D:1      | Reached XP level 2. HP: 14/19 MP: 3/5
   234 | D:1      | Learned a level 2 spell: Call Imp
  1054 | D:1      | Reached XP level 3. HP: 18/24 MP: 3/7
  1058 | D:1      | Learned a level 3 spell: Call Canine Familiar
  2632 | D:2      | Found an iron altar of Okawaru.
  2913 | D:3      | Reached XP level 4. HP: 8/30 MP: 8/8
  3233 | D:3      | Reached skill level 5 in Summonings
  3239 | D:3      | Learned a level 3 spell: Summon Guardian Golem
  3568 | D:3      | Found a glowing silver altar of Zin.
  3569 | D:3      | Found an ancient bone altar of Kikubaaqudgha.
  3570 | D:3      | Found a broken altar of Ashenzari.
  3572 | D:3      | Found a stormy altar of Qazlal.
  3704 | D:3      | Noticed Robin
  3750 | D:3      | Killed from afar by Robin

Illustrated notes

Levels and vault maps discovered:
D:1:      elethiomel_arrival_quiet, layout_basic
D:2:      layout_rooms, basic_altar
D:3:      layout_basic, minitemple, kennysheep_orc_chapel, uniq_terence,
          uniq_robin

Skill      XL: |  1  2  3  4 |
---------------+-------------+-----
Spellcasting   | 3 |  3.0
Summonings     | 5 |  5.5
Dodging        | |  2.6
Stealth        | |  2.1

Action                     |  1- 3 |  4- 6 || total
---------------------------+-------+-------++-------
  Melee: Unarmed           |    61 |       ||    61
         Punch             |     2 |     1 ||     3
         Dagger            |    41 |       ||    41
         Long sword        |     4 |    27 ||    31
   Cast: Summon Small Mamm |    11 |       ||    11
         Call Imp          |    10 |       ||    10
         Call Canine Famil |    14 |     8 ||    22
    Use: Scroll            |     3 |       ||     3
   Stab: Sleeping          |     2 |       ||     2
         Distracted        |     1 |       ||     1
 Armour: Robe              |    24 |    14 ||    38
  Dodge: Dodged            |    83 |    30 ||   113
